 Dungeon Crawl Stone Soup version 0.30-a0-639-g3916f1956a (webtiles) character file.

Game seed: 10407194623116629300

770 acebull12 the Covered (level 8, 0/58 (60) HPs)
             Began as a Formicid Fighter on Jan 17, 2023.
             Slain by a wight
             ... wielding a +2 long sword of freezing
              (3 damage)
             ... on level 6 of the Dungeon.
             The game lasted 00:05:51 (4300 turns).

acebull12 the Covered (Formicid Fighter)            Turns: 4300, Time: 00:05:52

HP:   0/58 (60)     AC:  7    Str: 22    XL:     8   Next: 9%
MP:   8/8           EV:  9    Int:  9    God:
Gold: 336           SH:  5    Dex: 13    Spells: 7/7 levels left

rFire   . . .      SeeInvis +    a - +0 war axe
rCold   . . .      Faith    .    c - +0 buckler
rNeg    . . .      Spirit   .    b - +0 scale mail
rPois   .          Reflect  .    (helmet unavailable)
rElec   .          Harm     .    (no cloak)
rCorr   +          Rampage  .    (no gloves)
Will    +....                    (no boots) Stlth
                                 (no amulet)
HPRegen 0.29/turn                s - ring of willpower
MPRegen 0.11/turn                t - ring of resist corrosion

@: lightly drained
A: permanent stasis, dig shafts and tunnels, antennae 3, four strong arms
a: Dig, Shaft Self


You were on level 6 of the Dungeon.
You visited 1 branch of the dungeon, and saw 6 of its levels.

You collected 336 gold pieces.

Inventory:

Hand Weapons
 a - a +0 war axe (weapon)
Missiles
 e - 40 stones
 z - 2 silver boomerangs
Armour
 b - a +0 scale mail (worn)
 c - a +0 buckler (worn)
Jewellery
 s - a ring of willpower (left hand)
 t - a ring of resist corrosion (right hand)
 A - a +6 ring of intelligence
Scrolls
 f - 5 scrolls of identify {unknown}
 h - a scroll of poison {unknown}
 i - 2 scrolls of magic mapping {unknown}
 k - a scroll of immolation {unknown}
 l - 3 scrolls of teleportation {unknown}
 m - 4 scrolls of fog
 r - 3 scrolls of fear {unknown}
 u - a scroll of silence {unknown}
 w - a scroll of noise {unknown}
 x - 2 scrolls of blinking {unknown}
 y - 2 scrolls of summoning {unknown}
 E - a scroll of torment {unknown}
Potions
 d - a potion of might
 g - 2 potions of cancellation {unknown}
 j - 2 potions of curing {unknown}
 n - 3 potions of degeneration {unknown}
 o - a potion of heal wounds {unknown}
 p - 2 potions of mutation {unknown}
 q - a potion of flight {unknown}
 v - 2 potions of ambrosia {unknown}
 B - a potion of lignification {unknown}
 C - a potion of berserk rage {unknown}
 D - a potion of resistance {unknown}


   Skills:
 + Level 4.1 Fighting
 + Level 5.0 Axes
 * Level 2.7 Throwing
 * Level 6.3 Armour
 + Level 0.2 Stealth
 * Level 5.5 Shields


You had 7 spell levels left.
You didn't know any spells.
Your spell library contained the following spells:

 Spells                   Type           Power      Damage    Failure   Level
 Apportation              Tloc           0%         N/A       75%         1
 Necrotise                Necr           0%         1d4       75%         1
 Summon Small Mammal      Summ           0%         N/A       75%         1
 Gell's Gravitas          Tloc           0%         N/A       98%         3
 Portal Projectile        Hex/Tloc       0%         N/A       98%         3
 Teleport Other           Tloc           0%         N/A       98%         3
 Tukima's Dance           Hex            0%         N/A       98%         3
 Passage of Golubria      Tloc           0%         N/A       100%        4
 Blade Hands              Tmut           0%         N/A       100%        5
 Yara's Violent Unravell  Hex/Tmut       0%         3d3       100%        5
 Dispersal                Tloc           0%         N/A       100%        6


Dungeon Overview and Level Annotations

Branches:
Dungeon (6/15)
 Temple: D:4-7

Altars:
Gozag
Vehumet
Zin

Shops:
D:2 [

Annotations:
D:3 1 runed translucent door, Lobster4's ghost, amateur MiHu


Innate Abilities, Weirdness & Mutations

You cannot be hasted, slowed, berserked, paralysed or teleported.
You can dig through walls and to a lower floor.
You have a pair of large antennae on your head. (SInv)
Your four strong arms can wield two-handed weapons with a shield.


Message History

You hit the wight but do no damage. The wight completely misses you.
You slash the wight!
The wight is heavily damaged.
The wight misses you.
You hit the wight but do no damage.
The wight is heavily damaged.
The wight barely misses you.
You closely miss the wight.
The wight is heavily damaged.
The wight closely misses you.
The wight hits you with a +2 mace of freezing.
The wight freezes you.
You hit the wight.
The wight is almost destroyed.
The wight hits you with a +2 mace of freezing!
You feel drained. The wight freezes you.
You slash the wight!
You destroy the wight!
Your life force feels restored.
You barely miss the wight. The wight barely misses you.
The wight hits you with a +2 long sword of freezing!
* * * LOW HITPOINT WARNING * * *
The wight freezes you.
* * * LOW HITPOINT WARNING * * *
You closely miss the wight. The wight barely misses you.
You hit the wight.
The wight is moderately damaged.
The wight closely misses you.
You slash the wight!
The wight is severely damaged.
The wight hits you with a +2 long sword of freezing.
* * * LOW HITPOINT WARNING * * *
You feel drained.
* * * LOW HITPOINT WARNING * * *
The wight freezes you.
* * * LOW HITPOINT WARNING * * *
You hit the wight but do no damage.
The wight is severely damaged.
The wight hits you with a +2 long sword of freezing.
You die...

###
#<#
#@#
#z#
...
.#.##
{.....
.# ..≈
.. .≈.
##
.≈...


You could see a wight.

Vanquished Creatures
  A phantom (D:5)
  A necrophage (D:5)
  2 wights (D:6)
  A water moccasin skeleton (D:3)
  A jelly (D:5)
  2 hounds (D:5)
  4 iguanas (D:5)
  An orc wizard (D:5)
  A scorpion zombie (D:3)
  8 gnolls
  7 adders
  4 worms
  3 dart slugs
  10 orcs
  11 endoplasms
  2 giant cockroaches
  10 goblins
  4 hobgoblins
  4 jackals
  9 kobolds
  A quokka (D:4)
  3 ball pythons
  A ball python zombie (D:3)
  3 bats
  3 rats
97 creatures vanquished.

Notes
Turn   | Place    | Note
-------+----------+-------------------------------------------
     0 | D:1      | acebull12 the Formicid Fighter began the quest for the Orb.
     0 | D:1      | Reached XP level 1. HP: 18/18 MP: 1/1
   111 | D:1      | Reached XP level 2. HP: 21/24 MP: 2/2
   563 | D:1      | Reached XP level 3. HP: 29/29 MP: 3/3
   989 | D:2      | Reached skill level 4 in Armour
  1056 | D:2      | Reached XP level 4. HP: 30/36 MP: 4/4
  1208 | D:2      | Found Ritet's Antique Armour Boutique.
  1648 | D:2      | Reached skill level 1 in Throwing
  1688 | D:2      | Reached XP level 5. HP: 42/42 MP: 5/5
  1984 | D:3      | Found a glowing silver altar of Zin.
  2052 | D:3      | Reached XP level 6. HP: 44/48 MP: 6/6
  2244 | D:3      | Found a faded altar of an unknown god.
  2255 | D:3      | Found a radiant altar of Vehumet.
  2275 | D:3      | Found an opulent altar of Gozag.
  2311 | D:3      | Found a runed translucent door.
  2316 | D:3      | Noticed Lobster4's ghost (amateur MiHu)
  3306 | D:5      | Entered Level 5 of the Dungeon
  3396 | D:5      | Reached skill level 5 in Armour
  3499 | D:5      | Reached XP level 7. HP: 54/54 MP: 7/7
  3597 | D:5      | Reached skill level 5 in Shields
  3844 | D:5      | Reached skill level 5 in Axes
  4290 | D:6      | Reached skill level 6 in Armour
  4290 | D:6      | Reached XP level 8. HP: 39/59 MP: 8/8
  4300 | D:6      | Slain by a wight

Illustrated notes

Levels and vault maps discovered:
D:1:      onia_arrival_pyramid, layout_basic
D:2:      layout_basic, serial_shops, nicolae_shop_stone
D:3:      layout_loops_ring, zin_scriptorium,
          mainiacjoe_overflow_large_starburst, serial_undead, serial_undead_b,
          serial_undead_e, serial_undead_a, serial_undead_a,
          ebering_ghost_reflecting_pool, hellmonk_ecumenical_altar_lost_god,
          minmay_tree_intersection, minmay_strange_pillars, serial_park_tiny_2
D:4:      layout_basic
D:5:      layout_loops_ring
D:6:      layout_basic, temple_fountains, serial_shops, nicolae_diamond_shop,
          chequers_arboretum, uniq_edmund

Skill      XL: |  1  2  3  4  5  6  7 |
---------------+----------------------+-----
Armour         | 4 5 6 |  6.3
Throwing       | 1 2 |  2.7
Axes           | 3 4 5 |  5.0
Fighting       | 4 |  4.1
Shields        | 5 |  5.5
Stealth        | |  0.2

Action                   |  1- 3 |  4- 6 |  7- 9 || total
-------------------------+-------+-------+-------++-------
Melee: War axe           |    99 |   158 |    99 ||   356
 Abil: Dig               |       |     1 |       ||     1
  Use: Scroll            |       |     1 |       ||     1
Armor: Scale mail        |    34 |    74 |    30 ||   138
Dodge: Dodged            |    46 |    74 |    41 ||   161
Block: Buckler           |    26 |    36 |    27 ||    89

Table legend: (Time is in decaauts)
 A = Elapsed time spent in this place.
 B = Non-inter-level travel time spent in this place.
 C = Inter-level travel time spent in this place.
 D = Time resting spent in this place.
 E = Time spent auto-exploring this place.
 F = Levels seen in this place.
 G = Mean time per level.
                   A        B        C        D        E       F      G
               +--------+--------+--------+--------+--------+-----+--------+
         Total |   4427 |   4075 |    352 |    190 |   3026 |   6 |  737.8 |
       Dungeon |   4427 |   4075 |    352 |    190 |   3026 |   6 |  737.8 |
               +--------+--------+--------+--------+--------+-----+--------+

Top non-repeatable levels by time:
     D:5: 937 daAuts
     D:3: 924 daAuts
     D:1: 920 daAuts
     D:2: 919 daAuts
     D:4: 700 daAuts
     D:6: 24 daAuts
